 Dungeon Crawl Stone Soup version 0.20.0-15-g7f486f2 (webtiles) character file.

8437 Merkmirnix the Cleaver (level 11, 0/99 HPs)
             Began as a Minotaur Berserker on July 2, 2017.
             Was a High Priest of Trog.
             Slain by an orc warrior
             ... wielding a +0 battleaxe
              (24 damage)
             ... on level 1 of the Orcish Mines.
             The game lasted 00:44:45 (9627 turns).

Merkmirnix the Cleaver (Minotaur Berserker)         Turns: 9627, Time: 00:44:45

Health: 0/99       AC: 11    Str: 25    XL:     11   Next: 9%
Magic:  0/10       EV:  7    Int:  4    God:    Trog [*****.]
Gold:   718        SH: 13    Dex: 10    Spells: 10/10 levels left

rFire    + + .     SeeInvis .   a - +2 hand axe
rCold    x . .     Gourm    .   Z - +0 large shield
rNeg     . . .     Faith    +   b - +0 chain mail {rF+}
rPois    .         Spirit   +   (helmet restricted)
rElec    .         Reflect  .   G - scarf {Spirit}
rCorr    .         Harm     .   (no gloves)
MR       .....                  (no boots)
Stlth    ..........             w - amulet of faith
Regen    0.3/turn               n - ring of fire
MPRegen  0.2/turn               q - ring of loudness (curse)

@: berserk cooldown, slowed, very slow
A: retaliatory headbutt, horns 2
a: Berserk, Trog's Hand, Brothers in Arms, Burn Spellbooks, Renounce Religion


You were on level 1 of the Orcish Mines.
You worshipped Trog.
Trog was extremely pleased with you.
You were near starving.

You visited 2 branches of the dungeon, and saw 10 of its levels.

You collected 718 gold pieces.

Inventory:

Hand Weapons
 a - a +2 hand axe (weapon)
Armour
 b - a +0 chain mail of fire resistance (worn)
 j - a +2 ring mail of magic resistance
 G - a scarf of spirit shield (worn)
 Z - a +0 large shield (worn)
Jewellery
 n - a ring of fire (left hand)
 q - a cursed ring of loudness (right hand)
 r - a +4 ring of evasion {unknown}
 w - an amulet of faith (around neck)
 H - an uncursed ring of ice {unknown}
 M - a +3 ring of dexterity {unknown}
 Y - an uncursed ring of flight {unknown}
Wands
 z - a wand of lightning (2/15)
 B - a wand of random effects (15/48)
 D - a wand of polymorph (15/24)
 E - a wand of random effects (23/48)
Scrolls
 d - 2 scrolls of enchant weapon
 e - 9 scrolls of identify {unknown}
 f - a scroll of noise {unknown}
 h - 5 scrolls of amnesia {unknown}
 i - 2 scrolls of fog {unknown}
 k - 3 scrolls of blinking {unknown}
 l - 2 scrolls of teleportation {unknown}
 x - 2 scrolls of magic mapping {unknown}
 y - 2 scrolls of recharging {unknown}
 A - a scroll of enchant armour {unknown}
 P - 3 scrolls of immolation {unknown}
 Q - 3 scrolls of remove curse {unknown}
 R - a scroll of fear {unknown}
 S - a scroll of acquirement {unknown}
Potions
 g - 3 potions of lignification {unknown}
 m - 8 potions of curing {unknown}
 s - 3 potions of might {unknown}
 t - a potion of resistance
 v - a potion of degeneration {unknown}
 C - a potion of agility {unknown}
 F - a potion of berserk rage {unknown}
 K - a potion of heal wounds {unknown}
 N - a potion of invisibility {unknown}
 O - 2 potions of mutation {unknown}
 T - 2 potions of flight {unknown}
 V - a potion of cancellation {unknown}
 X - a potion of magic {unknown}
Books
 I - a book of Necromancy

   Spells                             Type                      Level
   a - Pain                           Necromancy                   1
   b - Animate Skeleton               Necromancy                   1
   c - Vampiric Draining              Necromancy                   3
   d - Regeneration                   Charms/Necromancy            3
   e - Animate Dead                   Necromancy                   4
   f - Control Undead                 Necromancy                   4
   Trog disapproves of the use of such an item.
 J - a book of Necromancy

   Spells                             Type                      Level
   a - Pain                           Necromancy                   1
   b - Animate Skeleton               Necromancy                   1
   c - Vampiric Draining              Necromancy                   3
   d - Regeneration                   Charms/Necromancy            3
   e - Animate Dead                   Necromancy                   4
   f - Control Undead                 Necromancy                   4
   Trog disapproves of the use of such an item.
 L - a book of Necromancy

   Spells                             Type                      Level
   a - Pain                           Necromancy                   1
   b - Animate Skeleton               Necromancy                   1
   c - Vampiric Draining              Necromancy                   3
   d - Regeneration                   Charms/Necromancy            3
   e - Animate Dead                   Necromancy                   4
   f - Control Undead                 Necromancy                   4
   Trog disapproves of the use of such an item.
 U - a book of Conjurations

   Spells                             Type                      Level
   a - Magic Dart                     Conjuration                  1
   b - Searing Ray                    Conjuration                  2
   c - Dazzling Spray                 Conjuration/Hexes            3
   d - Fulminant Prism                Conjuration/Hexes            4
   e - Force Lance                    Conjuration/Translocation    4
   f - Iskenderun's Mystic Blast      Conjuration                  4
   Trog disapproves of the use of such an item.
 W - a book of Changes

   Spells                             Type                      Level
   a - Beastly Appendage              Transmutation                1
   b - Sticks to Snakes               Transmutation                2
   c - Spider Form                    Transmutation/Poison         3
   d - Ice Form                       Ice/Transmutation            4
   e - Blade Hands                    Transmutation                5
   Trog disapproves of the use of such an item.
Comestibles
 c - 4 bread rations
 o - 11 fruits
 p - 5 meat rations
 u - 3 royal jellies


   Skills:
 + Level 9.9 Fighting
 + Level 13.7 Axes
 + Level 9.3 Armour
 + Level 7.2 Dodging
 + Level 1.6 Stealth
 + Level 2.1 Shields


You had 10 spell levels left.
You didn't know any spells.

Dungeon Overview and Level Annotations

Branches:
Dungeon (9/15)             Temple (0/1) D:6             Orc (1/2) D:9
   Lair: D:8-11

Altars:
Fedhas
Kikubaaqudgha
Makhleb
Nemelex Xobeh
Qazlal
Uskayaw
Xom


Innate Abilities, Weirdness & Mutations

You reflexively headbutt those who attack you in melee.
You have a pair of horns on your head.


Message History

You hit the orc warrior but do no damage.
You hit the orc.
The orc warrior hits you with a battleaxe!!
You block the orc's attack.
You hear a shout!
You hit the orc warrior but do no damage.
You hit the orc. You hit the orc priest. You block the orc warrior's attack.
The orc priest invokes the aid of Beogh against you.
Beogh smites you!
* * * LOW HITPOINT WARNING * * *
The orc hits you but does no damage.
You hit the orc warrior.
The orc warrior is lightly wounded.
You hit the orc priest but do no damage.
You hit the orc.
You kill the orc!
Trog accepts your kill.
The orc priest hits you but does no damage.
The orc warrior hits you with a battleaxe!!
You die...

### #..# .. #..#
### ...
####o.o##.# ....
#...oo)o..###....
. #o@..#...... .o
#.#(......# o..
###.)....## ....
##..(.....# #....
#.)).)....#
#....#.[))###....
#.....).# ...
##....### ..
#.$###


You could see an orc sorcerer, 3 orc warriors and 2 orc priests.

Vanquished Creatures
  3 two-headed ogres
  Joseph (D:7)
  Prince Ribbit (D:6)
  3 hippogriffs
  A shadow (D:9)
  Edmund (D:6)
  A warg (Orc:1)
  A water moccasin (D:8)
  3 ice beasts
  5 orc warriors
  2 sky beasts
  2 phantoms
  10 centaurs
  5 ogres
  A big kobold (D:9)
  A gnoll sergeant (D:8)
  5 scorpions
  9 wights
  A howler monkey (D:7)
  8 crimson imps
  A centaur zombie (D:6)
  2 bullfrog zombies
  4 jellies
  A quasit (D:6)
  5 hounds
  4 orc priests
  14 orc wizards
  3 centaur skeletons
  A bullfrog skeleton (D:5)
  6 worker ants
  A killer bee zombie (D:6)
  3 hound zombies
  A hound skeleton (D:8)
  3 worker ant zombies
  9 gnolls
  2 howler monkey skeletons (D:9)
  A howler monkey zombie (D:6)
  7 adders
  An ooze (D:1)
  An adder skeleton (D:6)
  3 worms
  2 dart slugs
  4 leopard geckos
  37 orcs
  6 giant cockroaches
  7 goblins
  9 hobgoblins
  13 jackals
  5 kobolds
  2 quokkas
  6 bats
  A frilled lizard (D:3)
  A leopard gecko zombie (D:8)
  A quokka skeleton (D:4)
  8 rats
  A rat zombie (D:3)
240 creatures vanquished.

Vanquished Creatures (others)
  2 fungi (D:8)
2 creatures vanquished.

Grand Total: 242 creatures vanquished

Notes
Turn   | Place    | Note
-------+----------+-------------------------------------------
     0 | D:1      | Merkmirnix the Minotaur Berserker began the quest for the Orb.
     0 | D:1      | Reached XP level 1. HP: 19/19 MP: 0/0
   102 | D:1      | Reached XP level 2. HP: 24/27 MP: 1/1
   131 | D:1      | Reached skill level 4 in Axes
   425 | D:1      | Reached XP level 3. HP: 32/33 MP: 2/2
   794 | D:2      | Found a stormy altar of Qazlal.
   943 | D:2      | Reached ** piety under Trog
   943 | D:2      | Reached XP level 4. HP: 27/40 MP: 3/3
   946 | D:2      | Reached skill level 5 in Axes
  1393 | D:3      | Found a sparkling altar of Nemelex Xobeh.
  1394 | D:3      | Found a shimmering altar of Xom.
  1451 | D:3      | Found an ancient bone altar of Kikubaaqudgha.
  1571 | D:3      | Reached XP level 5. HP: 38/47 MP: 4/4
  2412 | D:4      | Reached skill level 6 in Axes
  2431 | D:4      | Noticed an ogre
  2439 | D:4      | Reached XP level 6. HP: 19/55 MP: 5/5
  2447 | D:4      | Reached skill level 5 in Fighting
  3073 | D:5      | Entered Level 5 of the Dungeon
  3108 | D:5      | Reached skill level 7 in Axes
  3108 | D:5      | Reached XP level 7. HP: 60/61 MP: 6/6
  3164 | D:5      | Found a hide-covered altar of Uskayaw.
  3412 | D:5      | Reached *** piety under Trog
  3417 | D:5      | Reached skill level 5 in Armour
  3519 | D:5      | Reached skill level 8 in Axes
  3717 | D:6      | Found a staircase to the Ecumenical Temple.
  3730 | D:6      | Noticed Prince Ribbit
  3744 | D:6      | Killed Prince Ribbit
  3744 | D:6      | Reached XP level 8. HP: 44/70 MP: 7/7
  3828 | D:6      | Reached skill level 9 in Axes
  4276 | D:6      | Reached skill level 5 in Dodging
  4295 | D:6      | Noticed Edmund
  4302 | D:6      | Killed Edmund
  4908 | D:7      | Reached skill level 1 in Stealth
  5000 | D:7      | Reached **** piety under Trog
  5003 | D:7      | Noticed Joseph
  5027 | D:7      | Killed Joseph
  5027 | D:7      | Reached skill level 10 in Axes
  5027 | D:7      | Reached XP level 9. HP: 18/78 MP: 1/8
  5779 | D:7      | Reached skill level 11 in Axes
  6222 | D:8      | Found a burning altar of Makhleb.
  6500 | D:8      | Reached ***** piety under Trog
  6584 | D:8      | Noticed a two-headed ogre
  6595 | D:8      | Killed a two-headed ogre
  6595 | D:8      | Reached skill level 12 in Axes
  6595 | D:8      | Reached XP level 10. HP: 36/88 MP: 3/9
  7349 | D:8      | Noticed a two-headed ogre
  7366 | D:8      | Killed a two-headed ogre
  7449 | D:8      | Reached skill level 13 in Axes
  7845 | D:8      | Found a blossoming altar of Fedhas.
  8819 | D:9      | Found a staircase to the Orcish Mines.
  8982 | D:9      | Noticed a two-headed ogre
  8991 | D:9      | Killed a two-headed ogre
  9016 | D:9      | Reached skill level 1 in Shields
  9385 | D:9      | Reached XP level 11. HP: 83/99 MP: 8/10
  9569 | Orc:1    | Entered Level 1 of the Orcish Mines
  9624 | Orc:1    | Noticed an orc sorcerer
  9627 | Orc:1    | Slain by an orc warrior

Skill      XL: |  1  2  3  4  5  6  7  8  9 10 11 |
---------------+----------------------------------+-----
Axes           | 4 5 6 7 8 10 12 13 | 13.7
Fighting       | 4 5 6 8 9 |  9.9
Dodging        | 3 4 5 6 7 |  7.2
Armour         | 3 4 5 7 8 9 |  9.3
Stealth        | 1 |  1.6
Shields        | 1 2 |  2.1

Action                   |  1- 3 |  4- 6 |  7- 9 | 10-12 || total
-------------------------+-------+-------+-------+-------++-------
Melee: Hand axe          |    76 |    97 |   337 |   225 ||   735
       Headbutt          |     7 |    22 |    73 |    51 ||   153
Invok: Berserk           |       |     1 |     7 |     5 ||    13
       Trog's Hand       |       |     1 |       |       ||     1
  Use: Scroll            |     1 |       |     1 |       ||     2
       Potion            |       |       |       |     1 ||     1
  Eat: Chunk             |       |     5 |    11 |     7 ||    23
       Bread ration      |       |     1 |     1 |       ||     2
       Fruit             |       |       |     1 |     1 ||     2
       Meat ration       |       |       |       |     1 ||     1
Armor: Animal skin       |     7 |       |       |       ||     7
       Ring mail         |    16 |    27 |   100 |    27 ||   170
       Chain mail        |       |       |       |    37 ||    37
Dodge: Dodged            |    60 |    45 |   163 |    79 ||   347
Block: Large shield      |       |       |       |    70 ||    70
